 Dungeon Crawl Stone Soup version 0.30-a0-586-g23e55c9e0a (webtiles) character file.

Game seed: 5341714798732401435

36 wormed the Nimble (level 3, 0/25 HPs)
             Began as a Gnoll Wanderer on Jan 4, 2023.
             Slain by Sigmund
             ... wielding a +0 heavy scythe
              (10 damage)
             ... on level 2 of the Dungeon.
             The game lasted 00:01:12 (798 turns).

wormed the Nimble (Gnoll Wanderer)                   Turns: 798, Time: 00:01:12

Health: 0/25       AC:  4    Str: 10    XL:     3   Next: 37%
Magic:  7/7        EV: 16    Int:  9    God:
Gold:   61         SH:  0    Dex: 16    Spells: 6/7 levels left

rFire   . . .      SeeInvis .    a - +2 spear
rCold   . . .      Faith    .    (no shield)
rNeg    . . .      Spirit   .    d - +0 leather armour
rPois   .          Reflect  .    (no helmet)
rElec   .          Harm     .    b - +0 cloak
rCorr   .          Rampage  .    (no gloves)
Will    .....                    (no boots)
Stlth   +                        (no amulet)
HPRegen 0.24/turn                (no ring)
MPRegen 0.10/turn                (no ring)

@: confused
A: fangs 1, strong nose, distributed training
a: no special abilities


You were on level 2 of the Dungeon.
You visited 1 branch of the dungeon, and saw 2 of its levels.

You collected 61 gold pieces.

Inventory:

Hand Weapons
 a - a +2 spear (weapon)
Armour
 b - a +0 cloak (worn)
 d - a +0 leather armour (worn)
Scrolls
 c - a scroll of fear
 e - a scroll of noise {unknown}
 g - a scroll of brand weapon {unknown}
 h - a scroll of identify {unknown}
 i - a scroll of amnesia {unknown}
Potions
 f - 2 potions of resistance {unknown}


   Skills:
 + Level 0.8 Fighting
 + Level 0.8 Short Blades
 + Level 0.8 Long Blades
 + Level 0.8 Axes
 + Level 0.8 Maces & Flails
 + Level 4.5 Polearms
 + Level 0.8 Staves
 + Level 0.8 Ranged Weapons
 + Level 0.8 Throwing
 + Level 2.6 Armour
 + Level 8.5 Dodging
 + Level 0.8 Stealth
 + Level 0.8 Shields
 + Level 0.8 Unarmed Combat
 + Level 2.8 Spellcasting
 + Level 0.5 Conjurations
 + Level 0.5 Hexes
 + Level 2.1 Summonings
 + Level 0.5 Necromancy
 + Level 0.5 Translocations
 + Level 0.5 Transmutations
 + Level 0.5 Fire Magic
 + Level 0.5 Ice Magic
 + Level 0.5 Air Magic
 + Level 0.5 Earth Magic
 + Level 0.5 Poison Magic
 + Level 2.6 Invocations
 + Level 0.8 Evocations


You had 6 spell levels left.
You knew the following spells:

 Your Spells              Type           Power      Damage    Failure   Level
a - Summon Small Mammal   Summ           20%        N/A       17%         1

Your spell library contained the following spells:

 Spells                   Type           Power      Damage    Failure   Level
 Call Canine Familiar     Summ           5%         N/A       45%         3


Dungeon Overview and Level Annotations

Branches:
Dungeon (2/15)

Altars:

Shops:
D:2 (

Annotations:
D:2 Sigmund


Innate Abilities, Weirdness & Mutations

You have very sharp teeth.
Your uncanny sense of smell can sniff out nearby items.
Your experience applies equally to all skills.


Message History

You reach to attack!
You hit the rat.
You kill the rat!
No target in view!
No target in view!
A kobold comes into view. It is wielding a +0 dagger.
A kobold is nearby!
A kobold is nearby!
The kobold shouts!
You reach to attack!
You completely miss the kobold.
The kobold throws a stone.
The stone misses you.
An endoplasm comes into view.
Sigmund the Dreaded comes into view.
He is wielding a +0 heavy scythe.
You reach to attack!
The endoplasm quivers.
You hit the kobold but do no damage. You barely miss the kobold.
The kobold closely misses you.
Sigmund mumbles some strange words.
Sigmund flickers and vanishes!
Deactivating autopickup; reactivate with Ctrl-A.
You barely miss the kobold. The kobold misses you.
You puncture the kobold!
You kill the kobold!
You hit the endoplasm.
The endoplasm is moderately wounded.
The endoplasm misses you.
You hit the endoplasm.
You kill the endoplasm!
No target in view!
A magic dart appears from out of thin air!
The magic dart hits you.
There is an open door here.
You close the door.
Something unseen breaks down the door.
You are confused.
You're too confused to move!
Something hits you!
Ouch! That really hurt!
You bump into the rock wall.
Something hits you!
You die...

######
#####################.....
#........@..........'.....
#.##...##############.....
..#.#.##..### #.....
........>....#### #.....
#........#..#....# #.....
.........#....##.# #.....
#.............#.######
######
#....................
......
##......†.............
......


There were no monsters in sight!

Vanquished Creatures
  A dart slug (D:2)
  2 ball pythons
  3 bats
  5 endoplasms
  4 giant cockroaches (D:1)
  4 hobgoblins (D:1)
  2 kobolds
  A frilled lizard (D:2)
  3 goblins (D:1)
  3 rats
28 creatures vanquished.

Vanquished Creatures (others)
  A fungus (D:2)
1 creature vanquished.

Grand Total: 29 creatures vanquished

Notes
Turn   | Place    | Note
-------+----------+-------------------------------------------
     0 | D:1      | wormed the Gnoll Wanderer began the quest for the Orb.
     0 | D:1      | wormed set off with the following items: a +2 spear, a +0
                  | cloak, a scroll of fear, a +0 leather armour; and the
                  | following spell memorised: Summon Small Mammal; and the
                  | following spells available to memorise: Call Canine
                  | Familiar.
     0 | D:1      | Reached XP level 1. HP: 13/13 MP: 4/4
   158 | D:1      | Reached XP level 2. HP: 15/19 MP: 5/5
   549 | D:1      | Reached XP level 3. HP: 25/25 MP: 7/7
   697 | D:2      | Found Fepraof's Antique Weapon Emporium.
   766 | D:2      | Noticed Sigmund
   798 | D:2      | Slain by Sigmund

Illustrated notes

Levels and vault maps discovered:
D:1:      eino_arrival_tree_alley, layout_basic, chequers_serial_rivers_micro_b
D:2:      layout_basic, serial_shops, shop,
          shapermc_ecumenical_altar_mp_ritualfount, minmay_cupped,
          uniq_crazy_yiuf_cottage, uniq_sigmund

Skill      XL: |  1 |
---------------+----+-----
Summonings     | 2 |  2.1
Fighting       | |  0.8
Short Blades   | |  0.8
Long Blades    | |  0.8
Axes           | |  0.8
Maces & Flails | |  0.8
Polearms       | |  4.5
Staves         | |  0.8
Ranged Weapons | |  0.8
Throwing       | |  0.8
Armour         | |  2.6
Dodging        | |  8.5
Stealth        | |  0.8
Shields        | |  0.8
Unarmed Combat | |  0.8
Spellcasting   | |  2.8
Conjurations   | |  0.5
Hexes          | |  0.5
Necromancy     | |  0.5
Translocations | |  0.5
Transmutations | |  0.5
Fire Magic     | |  0.5
Ice Magic      | |  0.5
Air Magic      | |  0.5
Earth Magic    | |  0.5
Poison Magic   | |  0.5
Invocations    | |  2.6
Evocations     | |  0.8

Action                   || total
-------------------------++-------
Melee: Spear             ||    65
       Bite              ||     6
       Punch             ||     1
 Stab: Sleeping          ||     2
Armor: Leather armour    ||     8
Dodge: Dodged            ||    24

Table legend: (Time is in decaauts)
 A = Elapsed time spent in this place.
 B = Non-inter-level travel time spent in this place.
 C = Inter-level travel time spent in this place.
 D = Time resting spent in this place.
 E = Time spent auto-exploring this place.
 F = Levels seen in this place.
 G = Mean time per level.
                   A        B        C        D        E       F      G
               +--------+--------+--------+--------+--------+-----+--------+
         Total |    790 |    731 |     59 |      0 |    568 |   2 |  395.0 |
       Dungeon |    790 |    731 |     59 |      0 |    568 |   2 |  395.0 |
               +--------+--------+--------+--------+--------+-----+--------+

Top non-repeatable levels by time:
     D:1: 692 daAuts
     D:2: 98 daAuts
